 Dungeon Crawl Stone Soup version 0.28.0-62-gf88900778d (webtiles) character file.

Game seed: 2739135993686512447

129 cbfl8 the Chopper (level 4, 0/41 HPs)
             Began as a Minotaur Monk on Sept 12, 2023.
             Slain by an orc
             ... wielding a +1 short sword of speed
              (5 damage)
             ... on level 4 of the Dungeon.
             The game lasted 00:02:02 (2961 turns).

cbfl8 the Chopper (Minotaur Monk)                   Turns: 2961, Time: 00:02:03

Health: 0/41       AC:  5    Str: 16    XL:     4   Next: 88%
Magic:  3/3        EV: 11    Int: 13    God:
Gold:   131        SH:  0    Dex: 14    Spells: 3/3 levels left

rFire   + . .      SeeInvis .   a - +0 hand axe
rCold   . . .      Faith    .   (no shield)
rNeg    . . .      Spirit   .   c - +0 ring mail
rPois   .          Reflect  .   (helmet restricted)
rElec   .          Harm     .   (no cloak)
rCorr   .          Rampage  .   (no gloves)
Will    .....      Rage     1%  (no boots)
Stlth   +.........              g - amulet of magic regeneration
HPRegen 0.13/turn               h - +6 ring of intelligence
MPRegen 0.48/turn               j - ring of protection from fire

@: no status effects
A: horns 2, retaliatory headbutt, berserk 1, evolution 1
a: no special abilities


You were on level 4 of the Dungeon.
You visited 1 branch of the dungeon, and saw 4 of its levels.

You collected 131 gold pieces.

Inventory:

Hand Weapons
 a - a +0 hand axe (weapon)
Armour
 c - a +0 ring mail (worn)
Jewellery
 g - an amulet of magic regeneration (around neck)
 h - a +6 ring of intelligence (left hand)
 j - a ring of protection from fire (right hand)
 r - a +6 ring of intelligence
Scrolls
 d - a scroll of silence {unknown}
 e - a scroll of identify {unknown}
 f - a scroll of fog {unknown}
 k - a scroll of torment {unknown}
 n - a scroll of acquirement {unknown}
 q - a scroll of enchant armour {unknown}
Potions
 b - 2 potions of mutation
 i - a potion of heal wounds {unknown}
 l - a potion of lignification {unknown}
 m - 2 potions of magic {unknown}
 o - 2 potions of degeneration {unknown}
 p - a potion of curing {unknown}


   Skills:
 + Level 4.7 Fighting
 + Level 5.2 Axes
 + Level 1.8 Armour
 - Level 3.2 Dodging
 - Level 1.5 Stealth
 * Level 1.3 Evocations


You had 3 spell levels left.
You didn't know any spells.
Your spell library contained the following spells:

 Spells                   Type           Power      Damage    Failure   Level
 Dazzling Flash           Conj/Hex       0%         N/A       86%         3
 Agony                    Necr           0%         N/A       100%        5
 Silence                  Hex/Air        0%         N/A       100%        5


Dungeon Overview and Level Annotations

Branches:
Dungeon (4/15)
 Temple: D:4-7

Altars:
Ashenzari


Innate Abilities, Weirdness & Mutations

You have a pair of horns on your head.
You reflexively headbutt those who attack you in melee.
You tend to lose your temper in combat.
You have hidden genetic potential.


Message History

An orc wizard comes into view. It is wielding a +0 dagger.
There is a large open door here.
You barely miss the orc.
The orc wizard shouts!
You headbutt the orc.
The orc is heavily wounded.
The orc barely misses you.
The orc wizard casts a spell.
The orc wizard flickers and vanishes!
Deactivating autopickup; reactivate with Ctrl-A.
You hit the orc priest but do no damage.
You headbutt the orc priest.
The orc priest is severely wounded.
You closely miss the orc. You hit the orc.
The orc priest calls upon Beogh to heal the orc.
The orc's wounds heal themselves!
The orc hits you with a +0 club.
The orc hits you with a +1 short sword of speed.
The orc misses you.
You barely miss the orc priest.
The orc priest is severely wounded.
You barely miss the orc. You hit the orc but do no damage.
The orc priest looks satisfied for a moment.
The orc hits you but does no damage. The orc barely misses you.
Unknown command.
You hit the orc priest. Your headbutt misses the orc priest.
The orc priest is almost dead.
You barely miss the orc. x2
The orc priest hits you with a +0 falchion.
* * * LOW HITPOINT WARNING * * *
The orc hits you but does no damage. x2; The orc barely misses you.
Unknown command.
It was a potion of mutation.
You feel extremely strange.
You feel a hidden potential growing inside you.
You feel a little pissed off.
The orc priest hits you with a +0 falchion.
* * * LOW HITPOINT WARNING * * *
The orc hits you with a +0 club.
* * * LOW HITPOINT WARNING * * *
The orc hits you with a +1 short sword of speed.
You die...

....<..# #.#
.. .......#
#.# .# #
.......# #.#
.#.# .......+
#.#####.#.#
.......#
#.†.......#
.......#
###.......###
.......#
#..........
.......#
#.ooo.(.##
########
###@#.### #
####'#.#####
#
#...........
#
#...†..#####
..........#
####......#
.. #..$..?# .
#......#
#......#


You could see an orc priest and 2 orcs.

Vanquished Creatures
  A hound skeleton (D:4)
  4 adders
  A worm (D:4)
  5 dart slugs
  An orc (D:3)
  3 bats (D:2)
  5 endoplasms
  3 giant cockroaches
  5 goblins
  9 hobgoblins
  3 jackals (D:3)
  3 kobolds
  5 quokkas
  6 ball pythons
  4 frilled lizards
  4 rats
62 creatures vanquished.

Vanquished Creatures (others)
  A fungus (D:3)
1 creature vanquished.

Grand Total: 63 creatures vanquished

Notes
Turn   | Place    | Note
-------+----------+-------------------------------------------
     0 | D:1      | cbfl8 the Minotaur Monk began the quest for the Orb.
     0 | D:1      | Reached XP level 1. HP: 19/19 MP: 0/0
   377 | D:1      | Reached XP level 2. HP: 27/27 MP: 1/1
   510 | D:1      | Reached skill level 4 in Axes
   999 | D:1      | Reached XP level 3. HP: 33/33 MP: 2/2
  1364 | D:2      | Reached skill level 1 in Armour
  1465 | D:2      | Reached XP level 4. HP: 41/41 MP: 3/3
  1872 | D:3      | Found a faded altar of an unknown god.
  1892 | D:3      | Found a broken altar of Ashenzari.
  1901 | D:3      | Reached skill level 1 in Evocations
  2129 | D:3      | Reached skill level 5 in Axes
  2961 | D:4      | Gained mutation: You have hidden genetic potential. [potion
                  | of mutation]
  2961 | D:4      | Gained mutation: You tend to lose your temper in combat.
                  | [potion of mutation]
  2961 | D:4      | Slain by an orc

Illustrated notes

Levels and vault maps discovered:
D:1:      giann_wishing_wells, layout_loops_ring
D:2:      layout_basic
D:3:      layout_basic, ashenzari_conservatory_becter,
          dreamdust_ecumenical_altar_grove, kennysheep_generic_room_12
D:4:      layout_basic, nicolae_take_the_stairs, chequers_garden,
          guppyfry_shop_venom

Skill      XL: |  1  2  3  4 |
---------------+-------------+-----
Fighting       | 4 |  4.7
Axes           | 4 5 |  5.2
Armour         | 1 |  1.8
Evocations     | 1 |  1.3
Dodging        | |  3.2
Stealth        | |  1.5

Action                   |  1- 3 |  4- 6 || total
-------------------------+-------+-------++-------
Melee: Hand axe          |    91 |    75 ||   166
       Headbutt          |    20 |    12 ||    32
       Punch             |     2 |       ||     2
  Use: Scroll            |       |     1 ||     1
       Potion            |       |     1 ||     1
 Stab: Sleeping          |     3 |       ||     3
Armor: Ring mail         |    24 |    25 ||    49
Dodge: Dodged            |    44 |    37 ||    81
